 Dungeon Crawl Stone Soup version 0.30.0-20-g3b4254fcbd (webtiles) character file.

Game seed: 14417019344606868269

93 jagang the Conjurer (level 4, -11/27 HPs)
             Began as an Octopode Conjurer on June 2, 2023.
             Mangled by a gnoll
             ... wielding a +0 flail
              (14 damage)
             ... on level 3 of the Dungeon.
             The game lasted 00:05:58 (2615 turns).

jagang the Conjurer (Octopode Conjurer)             Turns: 2615, Time: 00:05:59

Health: -11/27     AC:  1    Str:  6    XL:     4   Next: 62%
Magic:  8/8        EV:  9    Int: 22    God:
Gold:   96         SH:  6    Dex: 10    Spells: 5/8 levels left

rFire   . . .        f - +2 dagger (speed)
rCold   . . .        c - +0 kite shield
rNeg    . . .        (helmet restricted)
rPois   .            (no amulet)
rElec   .            (no ring)
rCorr   .            (no ring)
SInv    .            (no ring)
Will    .....        (no ring)
Stlth   +++          (no ring)
HPRegen 0.24/turn    (no ring)
MPRegen 0.11/turn    (no ring)
                     (no ring)

%: no passive effects
@: lethally poisoned (-11 -> -15)
A: almost no armour, amphibious, 8 rings, camouflage 1, gelatinous body 1,
(nimble swimmer 1), tentacles
a: no special abilities


You were on level 3 of the Dungeon.
You visited 1 branch of the dungeon, and saw 3 of its levels.

You collected 96 gold pieces.

Inventory:

Hand Weapons
 f - a +2 dagger of speed (weapon)
Armour
 c - a +0 kite shield (worn)
Scrolls
 d - a scroll of fog {unknown}
 h - 4 scrolls of identify {unknown}
 i - a scroll of poison {unknown}
 j - a scroll of brand weapon {unknown}
 k - a scroll of amnesia {unknown}
 l - a scroll of enchant armour {unknown}
 n - a scroll of immolation {unknown}
Potions
 a - a potion of magic
 b - a potion of invisibility {unknown}
 e - 2 potions of heal wounds {unknown}
 g - a potion of curing {unknown}
 m - a potion of degeneration {unknown}


   Skills:
 + Level 2.8 Dodging
 + Level 3.9 Stealth
 * Level 2.9 Spellcasting
 + Level 4.4 Conjurations


You had 5 spell levels left.
You knew the following spells:

 Your Spells              Type           Power      Damage    Failure   Level
a - Magic Dart            Conj           88%        1d7       21%         1
b - Searing Ray           Conj           44%        2d6       30%         2

Your spell library contained the following spells:

 Spells                   Type           Power      Damage    Failure   Level
 Dazzling Flash           Conj/Hex       26%        N/A       83%         3
 Frozen Ramparts          Ice            6%         1d1       98%         3
 Fulminant Prism          Conj/Hex       6%         3d6       99%         4
 Iskenderun's Mystic Bla  Conj/Tloc      13%        2d5       99%         4
 Iskenderun's Battlesphe  Conj           22%        2d8       99%         5
 Ice Form                 Ice/Tmut       3%         N/A       100%        4
 Summon Ice Beast         Ice/Summ       3%         N/A       100%        4
 Fireball                 Conj/Fire      6%         3d5       100%        5
 Conjure Ball Lightning   Conj/Air       6%         3x3d6     100%        6
 Orb of Destruction       Conj           11%        9d6       100%        7


Dungeon Overview and Level Annotations

Branches:
Dungeon (3/15)

Altars:

Shops:
D:1 (


Innate Abilities, Weirdness & Mutations

You cannot wear most types of armour.
You are amphibious.
You can wear up to eight rings at the same time.
Your skin changes colour to match your surroundings (Stealth+).
Your rubbery body absorbs attacks. (AC +1, EV +1)
((You are camouflaged when in or above water. (Stealth+)))
You have tentacles for arms and can constrict up to eight enemies at once.


Message History

The magic dart hits the kobold.
You kill the kobold!
The magic dart hits the gnoll but does no damage.
The adder hisses angrily.
The gnoll hits you with a +0 whip.
You climb upwards.
There is a stone staircase leading down here.
You hit the gnoll. You grab the gnoll.
The gnoll is moderately wounded.
You constrict the gnoll, but do no damage.
The gnoll barely misses you.
You hit the gnoll.
The gnoll is heavily wounded.
You constrict the gnoll. The gnoll hits you with a +0 whip.
You hit the gnoll.
You kill the gnoll!
You start resting.
Magic restored.
You climb downwards.
The gnoll shouts!
The frilled lizard hisses angrily.
You hear a shout!
You block the adder's attack. The sleepcap releases spores at you.
The adder closely misses you.
The gnoll shouts!
There is a stone staircase leading up here.
You block the adder's attack. The sleepcap releases spores at you!
You are engulfed in a cloud of soporific spores!
You fall asleep.
You stop ascending the stairs.
The adder bites you.
You wake up.
* * * LOW HITPOINT WARNING * * *
You are lethally poisoned!
The adder poisons you!
A goblin comes into view. It is wielding a +0 club.
The sleepcap closely misses you.
* * * LOW HITPOINT WARNING * * *
You feel sick. The adder bites you.
* * * LOW HITPOINT WARNING * * *
The gnoll hits you with a +0 flail!
Ouch! That really hurt!
You die...

..## # ⌠S⌠#
##. .....
... ._..# #
#.#.....#
#.##.#.)⌠.⌠.
#.....†.#
#...@S..#
#..lgf..#
###....()...
#.g...####
#.....#
##.#### .g#
#..


You could see a sleepcap, 2 gnolls, an adder, a goblin, a ball python
(wandering) and a frilled lizard.

Vanquished Creatures
  A gnoll (D:2)
  2 adders (D:2)
  A worm (D:2)
  2 dart slugs
  4 endoplasms
  4 giant cockroaches (D:1)
  8 goblins
  3 hobgoblins
  2 quokkas (D:2)
  8 ball pythons
  7 bats
  7 frilled lizards
  5 kobolds
  3 rats
57 creatures vanquished.

Notes
Turn   | Place    | Note
-------+----------+-------------------------------------------
     0 | D:1      | jagang the Octopode Conjurer began the quest for the Orb.
     0 | D:1      | Reached XP level 1. HP: 11/11 MP: 3/3
   173 | D:1      | Found a transporter.
   173 | D:1      | Found Osietote's Antique Weapon Emporium.
   225 | D:1      | Reached XP level 2. HP: 15/17 MP: 0/5
   909 | D:1      | Reached XP level 3. HP: 21/21 MP: 6/6
   972 | D:1      | Found a transporter.
  1558 | D:2      | Learned a level 2 spell: Searing Ray
  1797 | D:2      | Reached XP level 4. HP: 27/27 MP: 0/7
  2583 | D:3      | Found a faded altar of an unknown god.
  2615 | D:3      | Mangled by a gnoll

Illustrated notes

Levels and vault maps discovered:
D:1:      dpeg_arrival_rooms_with_view, layout_basic, serial_shops,
          nicolae_shop_drivethru
D:2:      layout_loops_ring
D:3:      layout_rooms, nicolae_uskayaw_murder_on_the_dancefloor,
          kennysheep_vampire_church, hellmonk_ecumenical_altar_run_dry

Skill      XL: |  1 |
---------------+----+-----
Stealth        | 3 |  3.9
Dodging        | |  2.8
Spellcasting   | |  2.9
Conjurations   | |  4.4

Action                     |  1- 3 |  4- 6 || total
---------------------------+-------+-------++-------
  Melee: Unarmed           |     6 |       ||     6
         Short sword       |     4 |       ||     4
         Dagger            |    13 |    17 ||    30
         Tentacles         |     3 |     2 ||     5
         Constrict         |     3 |     4 ||     7
   Cast: Magic Dart        |    60 |    25 ||    85
   Stab: Sleeping          |     5 |       ||     5
 Armour: Skin              |     1 |       ||     1
  Dodge: Dodged            |     8 |    10 ||    18
  Block: Kite shield       |     6 |     5 ||    11
